 Dungeon Crawl Stone Soup version 0.22-a0-388-g09e6169 (webtiles) character file.

39 Mgcat the Insei (level 3, 0/23 HPs)
             Began as an Octopode Transmuter on Apr 29, 2018.
             Slain by Natasha (7 damage)
             ... on level 2 of the Dungeon.
             The game lasted 00:02:59 (1224 turns).

Mgcat the Insei (Octopode Transmuter)               Turns: 1224, Time: 00:03:00

Health: 0/23       AC:  2    Str:  9    XL:     3   Next: 47%
Magic:  4/6        EV: 19    Int: 16    God:
Gold:   73         SH:  0    Dex: 17    Spells: 0/6 levels left

rFire    + . .     SeeInvis .     - Unarmed
rCold    . . .     Gourm    .   (shield currently unavailable)
rNeg     . . .     Faith    .   (helmet currently unavailable)
rPois    x         Spirit   .   (no amulet)
rElec    .         Reflect  .   (no ring)
rCorr    .         Harm     .   h - ring of protection from fire {rF+, !d}
MR       .....                  (no ring)
Stlth    ++........             (no ring)
HPRegen  0.07/turn              (no ring)
MPRegen  0.10/turn              (no ring)
                                (no ring)
                                (no ring)

@: spider-form (expiring)
A: tiny, almost no armour, stealthy swim, (amphibious), 8 rings, (constrict 8)
a: End Transformation


You were on level 2 of the Dungeon.
You were hungry.
You were a venomous arachnid creature.
You visited 1 branch of the dungeon, and saw 2 of its levels.

You collected 73 gold pieces.

Inventory:

Missiles
 a - 11 arrows
Jewellery
 g - an uncursed ring of fire {rF+, rC-}
   (You found it on level 1 of the Dungeon)
 h - a ring of protection from fire (right front leg) {rF+, !d}
   (You found it on level 1 of the Dungeon)
Scrolls
 b - 2 scrolls of identify {unknown}
 e - 2 scrolls of teleportation {unknown}
 f - a scroll of remove curse {unknown}
 i - a scroll of amnesia {unknown}
Comestibles
 c - a ration


   Skills:
 - Level 1.0 Fighting
 - Level 2.0 Dodging
 + Level 3.7 Unarmed Combat
 - Level 2.0 Spellcasting
 + Level 3.0 Transmutations


You couldn't memorise any spells.
You knew the following spells:

 Your Spells              Type           Power        Failure   Level  Hunger
a - Beastly Appendage     Tmut           ##....       17%         1    #......
b - Sticks to Snakes      Tmut           ##......     22%         2    ###....
c - Spider Form           Tmut/Pois      #.........   54%         3    ###....


Dungeon Overview and Level Annotations

Branches:
Dungeon (2/15)

Altars:

Annotations:
D:2 Natasha


Innate Abilities, Weirdness & Mutations

You cannot wear most types of armour.
You are very stealthy in the water. (Stealth+)
((You are amphibious.))
You can wear up to eight rings at the same time.
((You can use your tentacles to constrict eight enemies at once.))
((Your skin changes colour to match your surroundings (Stealth+).))
((Your rubbery body absorbs attacks. (AC +1, EV +1)))


Message History

You tentacle-slap the kobold but do no damage.
You grab the kobold. You constrict the kobold.
You feel sick.
Your ball python barely misses the kobold.
The kobold closely misses you.
Your ball python bites the kobold.
You tentacle-slap the kobold.
You kill the kobold!
You feel sick.
Your tentacle spike disappears.
You feel sick.
You are no longer poisoned.
Magic restored.
Your ball python withers and dies!
HP restored.
You now have 57 gold pieces (gained 4).
You see here a kobold corpse.
You butcher the adder corpse.
d - a chunk of flesh {@w0} Eating a chunk of flesh {@w0}.
You eat the chunk of flesh {@w0}.
This raw flesh tastes terrible.
You open the door.
There is an open door here.
You open the door.
There is an open door here.
A goblin and a hobgoblin come into view.
Casting: Sticks to Snakes (safe; 10% risk of failure)
Confirm with . or Enter, or press ? or * to list all spells.
One of your tentacles grows a vicious spike.
The hobgoblin shouts!
The goblin shouts!
Your transformation is almost over.
You tentacle-slap the goblin.
You kill the goblin!
The hobgoblin barely misses you.
You closely miss the hobgoblin. Your grab misses the hobgoblin.
The hobgoblin barely misses you.
You tentacle-slap the hobgoblin. Your grab misses the hobgoblin.
Your tentacle spike misses the hobgoblin.
The hobgoblin is moderately wounded.
The hobgoblin completely misses you.
You tentacle-slap the hobgoblin but do no damage.
You grab the hobgoblin.
The hobgoblin is moderately wounded.
You constrict the hobgoblin, but do no damage.
The hobgoblin hits you.
You tentacle-slap the hobgoblin.
You kill the hobgoblin!
Your Transmutations skill increases to level 3!
You now have 73 gold pieces (gained 16).
Your tentacle spike disappears.
There is an open door here.
You open the door.
There is an open door here.
A goblin comes into view.
A goblin is nearby!
Casting: Beastly Appendage (safe; 6% risk of failure)
Confirm with . or Enter, or press ? or * to list all spells.
One of your tentacles grows a vicious spike.
You closely miss the goblin. Your grab misses the goblin.
The goblin barely misses you.
You tentacle-slap the goblin. Your grab misses the goblin.
The goblin is moderately wounded.
The goblin hits you.
You tentacle-slap the goblin but do no damage.
Your grab misses the goblin.
The goblin is moderately wounded.
The goblin hits you.
You are too injured to fight recklessly!
You are too injured to fight recklessly!
You are too injured to fight recklessly!
You are too injured to fight recklessly!
You closely miss the goblin. Your grab misses the goblin.
You kill the goblin!
Your transformation is almost over.
Your tentacle spike disappears.
Casting: Beastly Appendage (safe; 6% risk of failure)
Confirm with . or Enter, or press ? or * to list all spells.
You turn into a venomous arachnid creature.
Your transformation is almost over.
Natasha hisses angrily.
You see here a whip.
Found a stone staircase leading down.
A rat comes into view.
Natasha completely misses you.
You hit Natasha but do no damage.
Natasha is poisoned.
Natasha barely misses you.
You barely miss Natasha.
Natasha is lightly wounded.
Natasha barely misses you.
You barely miss the rat.
Natasha drinks a potion.
Natasha is healed!
Natasha looks more healthy.
The rat misses you.
You are feeling hungry.
You closely miss Natasha. Natasha claws you.
You hit the rat.
The rat is poisoned.
The rat is heavily wounded.
You kill the rat!
Natasha casts a spell at you. The magic dart hits you!
You hit Natasha.
Natasha is poisoned.
Natasha is lightly wounded.
Natasha claws you!
You die...

#.........#. #......
#.........#. #......
#.........#. .......
#.........#. .....####
#......)..#. .......#
#........... #.....#
#........... #.h†..#
#...........
..###..s..#####'######..
.>.......)......# #..
#####.....####### #..
#.....# #.. #.....# #..
####### #.. #.. #.. #..


You could see Natasha.

Vanquished Creatures
  An adder (D:2)
  A ball python (D:1)
  6 goblins
  2 hobgoblins
  8 jackals (D:2)
  A bat (D:1)
  3 frilled lizards (D:1)
  3 kobolds
  2 rats (D:2)
27 creatures vanquished.

Notes
Turn   | Place    | Note
-------+----------+-------------------------------------------
     0 | D:1      | Mgcat the Octopode Transmuter began the quest for the Orb.
     0 | D:1      | Reached XP level 1. HP: 13/13 MP: 3/3
   113 | D:1      | Reached XP level 2. HP: 17/18 MP: 3/5
   811 | D:2      | Reached XP level 3. HP: 8/23 MP: 4/6
   893 | D:2      | Noticed Natasha
   988 | D:1      | Learned a level 2 spell: Sticks to Snakes
   992 | D:1      | Learned a level 3 spell: Spider Form
  1145 | D:2      | Reached skill level 3 in Transmutations
  1224 | D:2      | Slain by Natasha

Vault maps used:
D:1:      enne_arrival_octagon_isle
D:2:      grunt_temple_overflow_open, kennysheep_boxes, uniq_natasha

Skill      XL: |  1  2  3 |
---------------+----------+-----
Transmutations | 3 |  3.0
Fighting       | |  1.0
Dodging        | |  2.0
Unarmed Combat | |  3.7
Spellcasting   | |  2.0

Action                   || total
-------------------------++-------
Melee: Unarmed           ||    71
       Constrict         ||    16
       Kick              ||    11
       Tentacles         ||     5
       Punch             ||     1
 Cast: Beastly Appendage ||    15
       Spider Form       ||     1
       Sticks to Snakes  ||     1
 Stab: Sleeping          ||     1
  Eat: Chunk             ||     1
Armor: Skin              ||     6
Dodge: Dodged            ||    49

Table legend:
 A = Spawn XP
 B = Non-spawn XP
 C = Spawn XP percentage of total XP
 D = Spawn monster count
 E = Non-spawn monster count
 F = Spawn count percentage of total count
 G = Total turns spent on level
                    A         B        C        D         E        F      G
               +---------+---------+-------+---------+---------+-------+---------
         Total |       0 |      57 |   0.0 |       0 |      27 |   0.0 |  1224
               +---------+---------+-------+---------+---------+-------+---------
           D:1 |       0 |      19 |   0.0 |       0 |      12 |   0.0 |   731
           D:2 |       0 |      38 |   0.0 |       0 |      15 |   0.0 |   493
               +---------+---------+-------+---------+---------+-------+---------

Vault maps used:
D:1:      enne_arrival_octagon_isle
D:2:      grunt_temple_overflow_open, kennysheep_boxes, uniq_natasha

Table legend:
 A = Turns spent in this place as a percentage of turns spent in the entire game.
 B = Non-inter-level travel turns spent in this place as a percentage of non-inter-level travel turns spent in the entire game.
 C = Inter-level travel turns spent in this place as a percentage of turns spent in this place.
 D = Turns resting spent in this place as a percentage of non-inter-level travel turns spent in this place.
 E = Turns spent auto-exploring this place as a percentage of non-inter-level travel turns spent in this place.
 F = Non-inter-level travel turns spent in this place divided by the number of levels of this place that you've seen.
                   A       B       C       D       E      F
               +-------+-------+-------+-------+-------+----------------------
         Total | 100.0 | 100.0 |   2.6 |   3.7 |  78.0 | 596.0
       Dungeon | 100.0 | 100.0 |   2.6 |   3.7 |  78.0 | 596.0
               +-------+-------+-------+-------+-------+----------------------

Table legend:
 A = Kills in this place as a percentage of kills in entire the game.
 B = Kills by you in this place as a percentage of kills by you in the entire game.
 C = Kills by friends in this place as a percentage of kills by friends in the entire game.
 D = Other kills in this place as a percentage of other kills in the entire game.
 E = Experience gained in this place as a percentage of experience gained in the entire game.
 F = Experience gained in this place divided by the number of levels of this place that you have seen.
                   A       B       C       D       E      F
               +-------+-------+-------+-------+-------+----------------------
         Total | 100.0 | 100.0 |   N/A |   N/A | 100.0 |  28.5
       Dungeon | 100.0 | 100.0 |   N/A |   N/A | 100.0 |  28.5
               +-------+-------+-------+-------+-------+----------------------
